 Dungeon Crawl Stone Soup version 0.26.1-10-gdfb7c7de75 (webtiles) character file.

Game seed: 13786759208059206722

1442 tardwrangler69 the Cleaver (level 8, 0/71 HPs)
             Began as a Minotaur Fighter on Apr 3, 2021.
             Was a Follower of Uskayaw.
             Slain by Menkaure (9 damage)
             ... on level 5 of the Dungeon.
             The game lasted 00:03:30 (4111 turns).

tardwrangler69 the Cleaver (Minotaur Fighter)       Turns: 4111, Time: 00:03:30

Health: 0/71       AC: 16    Str: 22 (24) XL:     8   Next: 46%
Magic:  7/7        EV:  6    Int:  2 (5)  God:    Uskayaw [*.....]
Gold:   206        SH: 10    Dex:  8 (9)  Spells: 7/7 levels left

rFire    . . .     SeeInvis .   a - +0 war axe
rCold    . . .     Faith    .   c - +0 kite shield
rNeg     . . .     Spirit   .   k - +0 plate armour (curse)
rPois    .         Reflect  .   (helmet restricted)
rElec    .         Harm     .   (no cloak)
rCorr    .         Rampage  .   (no gloves)
Will     .....                  l - +2 pair of boots
Stlth    ..........             (no amulet)
HPRegen  0.21/turn              (no ring)
MPRegen  0.10/turn              (no ring)

@: flying
A: retaliatory headbutt, horns 2, high mp 1, sturdy frame 1
a: Renounce Religion, Stomp


You were on level 5 of the Dungeon.
You worshipped Uskayaw.
Uskayaw was noncommittal.
You visited 2 branches of the dungeon, and saw 6 of its levels.
You also visited: Ossuary.

You collected 206 gold pieces.

Inventory:

Hand Weapons
 a - a +0 war axe (weapon)
Armour
 c - a +0 kite shield (worn)
 k - a cursed +0 plate armour (worn)
 l - a +2 pair of boots (worn)
Jewellery
 b - an uncursed ring of ice {unknown}
 q - an uncursed ring of ice {unknown}
 y - a +4 ring of evasion {unknown}
 A - a cursed amulet of inaccuracy {unknown}
Wands
 B - a wand of polymorph (7)
Scrolls
 e - 5 scrolls of identify {unknown}
 f - 8 scrolls of teleportation {unknown}
 g - a scroll of fear {unknown}
 h - 2 scrolls of immolation {unknown}
 m - 3 scrolls of magic mapping {unknown}
 n - 3 scrolls of remove curse {unknown}
 p - a scroll of noise {unknown}
 s - a scroll of enchant weapon {unknown}
 t - 2 scrolls of amnesia {unknown}
 w - a scroll of random uselessness {unknown}
Potions
 d - a potion of might
 i - 6 potions of curing
 j - a potion of flight
 o - a potion of cancellation {unknown}
 r - 4 potions of mutation
 u - 12 potions of degeneration
 v - 3 potions of resistance {unknown}
 x - a potion of magic {unknown}
 z - 4 potions of lignification {unknown}


   Skills:
 + Level 6.7 Fighting
 * Level 8.3 Axes
 + Level 6.7 Armour
 + Level 6.7 Shields


You had 7 spell levels left.
You didn't know any spells.
Your spell library contained the following spells:

 Spells                   Type           Power        Failure   Level
 Beastly Appendage        Tmut           0%           100%        1
 Wereblood                Tmut           0%           100%        2
 Spider Form              Tmut/Pois      0%           100%        3
 Ice Form                 Ice/Tmut       0%           100%        4
 Blade Hands              Tmut           0%           100%        5


Dungeon Overview and Level Annotations

Branches:
Dungeon (5/15)             Temple (1/1) D:4         Ossuary (visited)

Altars:
Cheibriados
Dithmenos
Elyvilon
Fedhas
Gozag
Kikubaaqudgha
Nemelex Xobeh
Okawaru
Qazlal
Ru
Sif Muna
Trog
Uskayaw
Vehumet
Wu Jian
Xom
Zin
The Shining One

Shops:
D:5 !

Annotations:
D:5 Menkaure


Innate Abilities, Weirdness & Mutations

You reflexively headbutt those who attack you in melee.
You have a pair of horns on your head.
You have an increased reservoir of magic. (+10% MP)
Your movements are slightly less encumbered by armour. (ER -2)


Message History

You hit Menkaure.
Menkaure is moderately damaged.
Menkaure hits you!
* * * LOW HITPOINT WARNING * * *
It was a potion of curing.
You feel better. You block Menkaure's attack.
It was a potion of degeneration.
There was something very wrong with that liquid.
You feel weakened.
You feel dopey.
You feel clumsy. You block Menkaure's attack.
It was a potion of flight.
You feel very buoyant.
You fly up into the air.
You block Menkaure's attack.
Menkaure calls on the powers of darkness!
Your body is wracked with pain!
* * * LOW HITPOINT WARNING * * *
It was a potion of mutation.
You feel extremely strange.
You feel less encumbered by your armour.
You feel more energetic. Menkaure hits you!
You die...

.....#................#...#....#
.....#................#...#....#
.....#............#########....#
.....#......#######.... +....#
.....#......#......... #....##
............#....##..# #....).
..###.......#....##..### #......
..#ยง#.......#..M.##..>.# #..)...
..###.......+...@......+ #......
......>.....#..........# #......
.....#......#+######'######......
.....#.................#..#......
.....#.................#..#......
.....#.......$.........'..#....##
.....#######...........#'##....#
...........##+####.....#..#....#
............<....+.....#..#....#


You could see Menkaure (fast).

Vanquished Creatures
  Pikel (D:5)
  A sky beast (D:2)
  2 ice beasts (D:5)
  An ogre (D:3)
  A phantom (D:4)
  A centaur (D:4)
  2 lemures (D:5)
  2 howler monkeys (D:4)
  A human zombie (Ossuary)
  A centaur zombie (Ossuary)
  3 orc wizards
  3 worker ants (D:5)
  A big kobold zombie (Ossuary)
  3 mummies (Ossuary)
  6 adders
  A shadow imp (D:5)
  A white imp (D:4)
  2 oozes (D:2)
  An adder skeleton (D:3)
  2 dart slugs
  2 leopard geckos
  11 orcs
  8 bats
  3 giant cockroaches
  2 gnoll zombies (Ossuary)
  6 goblins
  7 hobgoblins
  12 jackals
  5 kobolds
  A quokka (D:2)
  5 frilled lizards
  A jackal skeleton (D:5)
  A kobold zombie (Ossuary)
  2 orc zombies (Ossuary)
  6 rats
108 creatures vanquished.

Vanquished Creatures (others)
  8 fungi (D:2)
  3 plants (D:2)
  4 toadstools (D:1)
15 creatures vanquished.

Grand Total: 123 creatures vanquished

Notes
Turn   | Place    | Note
-------+----------+-------------------------------------------
     0 | D:1      | tardwrangler69 the Minotaur Fighter began the quest for the
                  | Orb.
     0 | D:1      | Reached XP level 1. HP: 19/19 MP: 0/0
   109 | D:1      | Reached XP level 2. HP: 21/27 MP: 1/1
   113 | D:1      | Reached skill level 3 in Axes
   664 | D:1      | Reached XP level 3. HP: 33/33 MP: 2/2
  1146 | D:2      | Reached XP level 4. HP: 39/40 MP: 3/3
  1267 | D:2      | Found a blossoming altar of Fedhas.
  1302 | D:2      | Noticed a sky beast
  1317 | D:2      | Killed a sky beast
  1318 | D:2      | Reached skill level 4 in Axes
  1318 | D:2      | Reached XP level 5. HP: 27/47 MP: 4/4
  1714 | D:2      | Found a sparkling altar of Nemelex Xobeh.
  1997 | D:3      | Noticed an ogre
  2000 | D:3      | Killed an ogre
  2001 | D:3      | Reached skill level 5 in Axes
  2001 | D:3      | Reached XP level 6. HP: 55/55 MP: 5/5
  2309 | D:3      | Reached skill level 5 in Fighting
  2309 | D:3      | Reached skill level 5 in Armour
  2309 | D:3      | Reached skill level 5 in Shields
  2654 | D:4      | Reached skill level 6 in Axes
  2810 | D:4      | Reached XP level 7. HP: 54/61 MP: 6/6
  2844 | D:4      | Found a sand-covered staircase.
  2955 | Ossuary  | Entered an ossuary
  3257 | D:4      | Found a staircase to the Ecumenical Temple.
  3391 | Temple   | Entered the Ecumenical Temple
  3455 | Temple   | Became a worshipper of Uskayaw the Reveller
  3521 | D:4      | Found an ancient bone altar of Kikubaaqudgha.
  3521 | D:4      | Found a snail-covered altar of Cheibriados.
  3590 | D:5      | Entered Level 5 of the Dungeon
  3603 | D:5      | Reached * piety under Uskayaw
  3678 | D:5      | Reached ** piety under Uskayaw
  3682 | D:5      | Reached *** piety under Uskayaw
  3684 | D:5      | Reached skill level 7 in Axes
  3927 | D:5      | Reached **** piety under Uskayaw
  3929 | D:5      | Reached XP level 8. HP: 68/70 MP: 7/7
  3964 | D:5      | Found Ucura's Distillery.
  3971 | D:5      | Noticed Pikel
  3983 | D:5      | Killed Pikel
  3984 | D:5      | Reached skill level 8 in Axes
  4098 | D:5      | Noticed Menkaure
  4111 | D:5      | Gained mutation: Your movements are slightly less
                  | encumbered by armour. (ER -2) [potion of mutation]
  4111 | D:5      | Gained mutation: You have an increased reservoir of magic.
                  | (+10% MP) [potion of mutation]
  4111 | D:5      | Slain by Menkaure

Illustrated notes

Levels and vault maps discovered:
D:1:      ldierk_walled_garden_2, layout_basic
D:2:      layout_basic, fedhas_altar_3, nemelex_altar_shiori
D:3:      layout_basic
D:4:      layout_rooms, gammafunk_temple_overflow_elements, temple_hall,
          enter_ossuary_3
D:5:      layout_gridville, kennysheep_mini, serial_shops, shop,
          feat_on_display, uniq_menkaure, uniq_sigmund, uniq_pikel,
          uniq_crazy_yiuf_cottage, uniq_eustachio
Temple:   eino_wide_crystal_templ

Skill      XL: |  1  2  3  4  5  6  7  8 |
---------------+-------------------------+-----
Axes           | 3 4 5 6 7 8 |  8.3
Armour         | 4 5 6 |  6.7
Fighting       | 4 5 6 |  6.7
Shields        | 4 5 6 |  6.7

Action                   |  1- 3 |  4- 6 |  7- 9 || total
-------------------------+-------+-------+-------++-------
Melee: War axe           |    90 |    99 |   110 ||   299
       Headbutt          |    12 |    17 |    16 ||    45
  Use: Potion            |       |       |     4 ||     4
 Stab: Paralysed         |       |       |     5 ||     5
Armor: Scale mail        |    41 |       |       ||    41
       Plate armour      |    13 |    54 |    42 ||   109
       Skin              |       |       |    15 ||    15
Dodge: Dodged            |    25 |    25 |    12 ||    62
Block: Kite shield       |    51 |    50 |    53 ||   154
